 Dungeon Crawl Stone Soup version 0.28-a0-1236-gb25a51b929 (webtiles) character file.

Game seed: 3877473618975983232

129 enile the Conjurer (level 4, -1/40 HPs)
             Began as a Draconian Conjurer on Dec 26, 2021.
             Was a Believer of Wu Jian.
             Slain by Natasha (7 damage)
             ... on level 3 of the Dungeon.
             The game lasted 00:07:57 (3224 turns).

enile the Conjurer (Draconian Conjurer)             Turns: 3224, Time: 00:07:57

Health: -1/40      AC:  5    Str: 11    XL:     4   Next: 88%
Magic:  3/8        EV: 27    Int: 18    God:    Wu Jian [**....]
Gold:   98         SH:  0    Dex: 10    Spells: 3/9 levels left

rFire   . . .      SeeInvis .   g - +0 trident
rCold   . . .      Faith    .   (no shield)
rNeg    . . .      Spirit   .   (armour unavailable)
rPois   .          Reflect  .   (helmet restricted)
rElec   .          Harm     .   (no cloak)
rCorr   .          Rampage  .   (no gloves)
Will    .....                   (no boots)
Stlth   ++........              a - amulet of the acrobat
HPRegen 0.13/turn               (no ring)
MPRegen 0.11/turn               (no ring)

@: acrobatic, slowed, very slow
A: AC +5, unfitting armour, cold-blooded
a: Renounce Religion, Wall Jump


You were on level 3 of the Dungeon.
You worshipped Wu Jian.
Wu Jian was pleased with you.
You visited 1 branch of the dungeon, and saw 3 of its levels.

You collected 98 gold pieces.

Inventory:

Hand Weapons
 b - a +0 dagger
 c - a +0 short sword
 g - a +0 trident (weapon)
Missiles
 d - 65 stones
 h - 5 poisoned darts (quivered)
Jewellery
 a - an amulet of the acrobat (around neck)
Scrolls
 e - a scroll of identify
 f - a scroll of teleportation


   Skills:
 - Level 4.0 Fighting
 - Level 2.0 Dodging
 - Level 2.0 Stealth
 - Level 3.0 Spellcasting
 - Level 4.0 Conjurations
 + Level 0.1 Hexes


You had 3 spell levels left.
You knew the following spells:

 Your Spells              Type           Power      Damage    Failure   Level
a - Magic Dart            Conj           68%        1d6       3%          1
b - Searing Ray           Conj           34%        2d5       4%          2
c - Dazzling Flash        Conj/Hex       20%        N/A       22%         3

Your spell library contained the following spells:

 Spells                   Type           Power      Damage    Failure   Level
 Ensorcelled Hibernation  Hex/Ice        4%         N/A       24%         2
 Spider Form              Tmut/Pois      2%         N/A       43%         3
 Fulminant Prism          Conj/Hex       5%         3d7       56%         4
 Iskenderun's Mystic Bla  Conj/Tloc      9%         2d4       56%         4
 Chain Lightning          Conj/Air       4%         3d6       100%        9
 Fire Storm               Conj/Fire      4%         8d1       100%        9
 Shatter                  Erth           1%         3d5*      100%        9


Dungeon Overview and Level Annotations

Branches:
Dungeon (3/15)

Altars:
Wu Jian
Zin

Annotations:
D:3 Natasha


Innate Abilities, Weirdness & Mutations

Your plain brown scales are hard. (AC +5)
You cannot fit into any form of body armour.
You are cold-blooded and may be slowed by cold attacks.


Message History

Natasha is dazzled.
Natasha misses you.
Natasha wildly gestures.
Natasha glows brightly for a moment.
Natasha claws you.
Casting: Dazzling Flash (quite dangerous; 22% risk of failure)
Confirm with . or Enter, or press ? or * to list all spells.
Aiming: Searing Ray (safe; 4% risk of failure)
Press: ? - help, Shift-Dir - straight line, f - Natasha
Aim: Natasha (blind, 72% to hit)
The searing ray hits Natasha.
Natasha is moderately wounded. (Press . to maintain the ray.) Natasha completely misses you.
Casting: Searing Ray (safe; 4% risk of failure)
Confirm with . or Enter, or press ? or * to list all spells.
You don't have enough magic to cast this spell.
Natasha is no longer blind.
Natasha completely misses you.
You closely miss Natasha.
Natasha is moderately wounded.
Natasha misses you.
Natasha stares at you and mumbles some strange words.
You feel as though you will be slow longer.
You miss Natasha.
Natasha is moderately wounded.
Natasha misses you. Natasha claws you.
You hit Natasha.
Natasha is moderately wounded.
Natasha casts a spell at you. The magic dart hits you!
* * * LOW HITPOINT WARNING * * *
Natasha barely misses you.
Aiming: Wall Jump
Press: ? - help, Dir - move target, p - Natasha Natasha barely misses you.
Natasha claws you but does no damage. Natasha casts a spell at you.
The magic dart hits you.
* * * LOW HITPOINT WARNING * * *
Natasha claws you!
You die...

##################
#.................
#^##...........###
##.##.###.####..#
#>..#.###.# #..###
#.........# ......
#...#..####
.#.#### ##.##..#
#.#.#... #@##..# #
#.#.## ##h##.(#
##.#.#.
##...#..###.......
##......(..)>....#
#........###.#.###
##.......# .#
##...#..# ..
##.##..# ##.
####..# ..


You could see Natasha.

Vanquished Creatures
  5 adders
  2 dart slugs (D:1)
  An orc (D:3)
  4 bats
  3 endoplasms
  4 giant cockroaches
  9 hobgoblins
  10 jackals
  3 quokkas
  7 ball pythons
  6 frilled lizards
  6 goblins
  8 kobolds
  6 rats
74 creatures vanquished.

Notes
Turn   | Place    | Note
-------+----------+-------------------------------------------
     0 | D:1      | enile the Draconian Conjurer began the quest for the Orb.
     0 | D:1      | Reached XP level 1. HP: 14/14 MP: 3/3
    66 | D:1      | Found a faded altar of an unknown god.
    90 | D:1      | Prayed at the altar of an unknown god.
    90 | D:1      | Became a worshipper of the Wu Jian Council
    90 | D:1      | Reached * piety under Wu Jian
   141 | D:1      | Reached skill level 1 in Fighting
   230 | D:1      | Reached XP level 2. HP: 23/24 MP: 0/5
   873 | D:1      | Learned a level 2 spell: Searing Ray
   949 | D:1      | Reached XP level 3. HP: 30/30 MP: 0/6
  1050 | D:1      | Reached ** piety under Wu Jian
  1741 | D:2      | Reached XP level 4. HP: 38/38 MP: 5/8
  1877 | D:2      | Learned a level 3 spell: Dazzling Flash
  2846 | D:3      | Found a glowing silver altar of Zin.
  3047 | D:3      | Noticed Natasha
  3224 | D:3      | Slain by Natasha

Illustrated notes

Levels and vault maps discovered:
D:1:      scummos_arrival_checkerplants, layout_loops_ring,
          ebering_ecumenical_altar_box, minmay_tetromino_o2
D:2:      layout_rooms
D:3:      layout_loops_ring, lemuel_doored_altar, uniq_jessica, uniq_natasha

Skill      XL: |  1  2  3  4 |
---------------+-------------+-----
Fighting       | 1 2 3 4 |  4.0
Stealth        | 2 |  2.0
Spellcasting   | 3 |  3.0
Dodging        | 2 |  2.0
Conjurations   | |  4.0
Hexes          | |  0.1

Action                   |  1- 3 |  4- 6 || total
-------------------------+-------+-------++-------
Melee: Unarmed           |    38 |       ||    38
       Tailslap          |     6 |     1 ||     7
       Dagger            |    13 |       ||    13
       Short sword       |     9 |    33 ||    42
       Trident           |       |    14 ||    14
Throw: Dart              |       |     6 ||     6
 Cast: Magic Dart        |    70 |    37 ||   107
       Searing Ray       |     9 |     9 ||    18
       Dazzling Flash    |       |     3 ||     3
Invok: Lunge             |     5 |     1 ||     6
       Whirlwind         |     5 |       ||     5
 Abil: Wall Jump         |     1 |     2 ||     3
  Use: Potion            |     1 |       ||     1
       Scroll            |       |     2 ||     2
 Stab: Sleeping          |       |     2 ||     2
Armor: Skin              |    21 |    17 ||    38
Dodge: Dodged            |    52 |    56 ||   108

Table legend: (Time is in decaauts)
 A = Elapsed time spent in this place.
 B = Non-inter-level travel time spent in this place.
 C = Inter-level travel time spent in this place.
 D = Time resting spent in this place.
 E = Time spent auto-exploring this place.
 F = Levels seen in this place.
 G = Mean time per level.
                   A        B        C        D        E       F      G
               +--------+--------+--------+--------+--------+-----+--------+
         Total |   3266 |   3220 |     46 |     31 |   2634 |   3 | 1088.7 |
       Dungeon |   3266 |   3220 |     46 |     31 |   2634 |   3 | 1088.7 |
               +--------+--------+--------+--------+--------+-----+--------+

Top non-repeatable levels by time:
     D:1: 1407 daAuts
     D:2: 1109 daAuts
     D:3: 749 daAuts
